 Dungeon Crawl Stone Soup version 0.17.0-15-g6d90897 (webtiles) character file.

290 4thArraOfDagon the Chopper (level 6, 0/56 HPs)
             Began as a Minotaur Fighter on Nov 10, 2015.
             Succumbed to a worker ant's poison
             ... on level 8 of the Dungeon.
             The game lasted 00:05:04 (950 turns).

4thArraOfDagon the Chopper (Minotaur Fighter)        Turns: 950, Time: 00:05:04

Health: 0/56       AC:  9    Str: 24    XL:     6   Next: 9%
Magic:  5/5        EV:  6    Int:  7    God:
Gold:   50         SH:  9    Dex:  8    Spells: 0 memorised, 5 levels left

rFire  . . .     SeeInvis .     a - +0 war axe
rCold  . . .     Clarity  .     f - +0 chain mail
rNeg   . . .     SustAt   .     c - +0 shield
rPois  .         Gourm    .     (helmet restricted)
rElec  .         Spirit   .     (no cloak)
rCorr  .         Warding  .     (no gloves)
rMut   .         Stasis   .     (no boots)
MR     .....                    (no amulet)
Stlth  ..........               q - -2 ring of dexterity (curse)
                                k - +4 ring of strength

@: lethally poisoned (0 -> -11), not resistant to hostile enchantments,
extremely unstealthy
A: retaliatory headbutt, horns 2
a: no special abilities


You were on level 8 of the Dungeon.
You were not hungry.

You visited 2 branches of the dungeon, and saw 9 of its levels.

You collected 50 gold pieces.

Inventory:

Hand Weapons
 a - a +0 war axe (weapon)
Armour
 c - a +0 shield (worn)
 f - a +0 chain mail (worn)
Jewellery
 k - a +4 ring of strength (left hand)
 q - a cursed -2 ring of dexterity (right hand)
Wands
 n - a wand of digging (8)
Scrolls
 b - 2 scrolls of teleportation
 g - a scroll of immolation
 o - a scroll of random uselessness {unknown}
 p - a scroll of fog {unknown}
Potions
 d - a potion of might
 s - a potion of flight {unknown}
Comestibles
 e - 2 bread rations
 j - 2 chunks of flesh
 l - a fruit
 r - a meat ration
 t - 2 beef jerkies


   Skills:
 + Level 5.1 Fighting
 * Level 5.9 Axes
 + Level 5.0 Armour
 - Level 3.6 Shields


You had 5 spell levels left.
You didn't know any spells.

Dungeon Overview and Level Annotations

Branches:
Dungeon (8/15)             Temple (1/1) D:5
   Lair: D:8-11

Altars:
Dithmenos
Elyvilon
Gozag
Makhleb
Qazlal
Ru
Sif Muna
Trog
Xom
Yredelemnul
Zin
The Shining One

Shops:
D:8 (

Annotations:
D:3 4thArraOfDagon's ghost, weakling VSBe
D:4 Pikel


Innate Abilities, Weirdness & Mutations

You reflexively headbutt those who attack you in melee.
You have a pair of horns on your head.


Message History

You completely miss the worker ant.
The worker ant is almost dead.
* * * LOW HITPOINT WARNING * * *
You feel sick. You block the worker ant's attack.
You block the worker ant's attack.
Unknown command.
Drink which item? (? for menu, Esc to quit)
It was a potion of cure mutation.
It has a very clean taste.
* * * LOW HITPOINT WARNING * * *
You feel sick.
The worker ant bites you but does no damage.
Unknown command.
Drink which item? (? for menu, Esc to quit)
It was a potion of magic.
Magic courses through your body.
* * * LOW HITPOINT WARNING * * *
You feel sick. The worker ant barely misses you.
Unknown command.
Drink which item? (? for menu, Esc to quit)
It was a potion of cancellation.
You feel magically purged.
You die...

....# #.# ....#
#.###... ...##
#..##..# ...#
##.##..# .#.#
#.##..# ##.#
#.##..# # #
#.#...####### #
#.#..........
#.#.@.#
#.##.###a###..#
#..............
#...........)...
#[#...#.#####..##
.......#.# .#
#c.....##.# #
#.##### #.# #.#


You could see a worker ant.

Vanquished Creatures
  A wight (D:6)
  A giant frog skeleton (D:6)
  2 hounds
  3 orc wizards
  2 worker ants
  2 adders (D:3)
  An ooze (D:2)
  A giant gecko (D:3)
  4 orcs
  2 bats
  A giant gecko zombie (D:6)
  A giant newt (D:3)
  A quokka (D:6)
22 creatures vanquished.

Notes
Turn   | Place    | Note
--------------------------------------------------------------
     0 | D:1      | 4thArraOfDagon the Minotaur Fighter began the quest for the Orb.
     0 | D:1      | Reached XP level 1. HP: 19/19 MP: 0/0
   129 | D:2      | Reached XP level 2. HP: 22/27 MP: 1/1
   208 | D:3      | Noticed an orc wizard
   222 | D:3      | Killed an orc wizard
   222 | D:3      | Reached skill level 4 in Fighting
   222 | D:3      | Reached XP level 3. HP: 30/33 MP: 2/2
   223 | D:3      | Noticed 4thArraOfDagon's ghost (weakling VSBe)
   336 | D:4      | Noticed Pikel
   336 | D:4      | Noticed a slave
   336 | D:4      | Noticed a slave
   340 | D:4      | Noticed a slave
   374 | D:5      | Entered Level 5 of the Dungeon
   388 | D:5      | Found a staircase to the Ecumenical Temple.
   397 | Temple   | Entered the Ecumenical Temple
   508 | Temple   | ofc
   570 | D:6      | Reached XP level 4. HP: 39/41 MP: 3/3
   609 | D:6      | Reached XP level 5. HP: 47/47 MP: 4/4
   629 | D:6      | Reached skill level 5 in Axes
   630 | D:6      | Noticed an ogre
   751 | D:7      | wtf
   772 | D:8      | Found Dixtuzu's Weapon Shoppe.
   799 | D:8      | Reached skill level 5 in Fighting
   801 | D:8      | Reached skill level 5 in Armour
   803 | D:8      | Reached XP level 6. HP: 52/56 MP: 5/5
   935 | D:8      | Noticed a centaur
   949 | D:8      | HP: 1/56 [poisoned by a worker ant]
   950 | D:8      | Succumbed to a worker ant's poison

Action                   |  1- 3 |  4- 6 || total
-------------------------+-------+-------++-------
Melee: War axe           |    30 |    56 ||    86
  Use: Scroll            |     3 |     2 ||     5
       Potion            |       |     3 ||     3
